 Dungeon Crawl Stone Soup version 0.32-a0-30-gefbe487952 (webtiles) character file.

Game seed: 4999195346566576892

84991 case the Executioner (level 15, -5/155 HPs)
             Began as a Minotaur Berserker on Jan 19, 2024.
             Was a High Priest of Trog.
             Slain by a merfolk impaler
             ... wielding a +2 demon trident of venom
              (9 damage)
             ... on level 1 of the Shoals on Jan 20, 2024.
             The game lasted 00:47:30 (24696 turns).

case the Executioner (Minotaur Berserker)          Turns: 24696, Time: 00:47:30

Health: -5/155     AC: 21    Str: 27    XL:     15   Next: 36%
Magic:  0/14       EV: 10    Int: 10    God:    Trog [*****.]
Gold:   1924       SH:  0    Dex: 12    Spells: 14/14 levels left

rFire   + . .        y - +1 executioner's axe of Turiqot {distort, rF+}
rCold   + . .        (shield currently unavailable)
rNeg    . . .        d - +2 chain mail {Will+}
rPois   .            (helmet restricted)
rElec   .            t - +1 cloak
rCorr   .            F - +0 pair of gloves
SInv    .            x - +0 pair of boots
Will    ++...        j - amulet of guardian spirit Stlth
                     I - ring of protection from cold
HPRegen 0.45/turn    Q - +6 ring of intelligence
MPRegen 0.14/turn

%: guardian spirit
@: lethally poisoned (-5 -> -9), studying Stealth
A: horns 2, retaliatory headbutt
a: Renounce Religion, Berserk, Trog's Hand, Brothers in Arms


You were on level 1 of the Shoals.
You worshipped Trog.
Trog was extremely pleased with you.
You visited 4 branches of the dungeon, and saw 20 of its levels.

You collected 2038 gold pieces.
You spent 114 gold pieces at shops.

Inventory:

Hand Weapons
 l - a +9 demon trident of freezing
 y - the +1 executioner's axe of Turiqot (weapon) {distort, rF+}
   (You acquired it on level 2 of the Orcish Mines)

   rF+:       It protects you from fire.
 M - the +3 battleaxe "Beastbane" {flame, rF+ rN+ Int-3}
   (Trog gifted it to you on level 5 of the Lair of Beasts)

   Int-3:     It affects your intelligence (-3).
   rF+:       It protects you from fire.
   rN+:       It protects you from negative energy.
Missiles
 u - 2 throwing nets (quivered)
Armour
 d - a +2 chain mail of willpower (worn)
 h - a +1 plate armour of poison resistance
 t - a +1 cloak (worn)
 x - a +0 pair of boots (worn)
 F - a +0 pair of gloves (worn)
Jewellery
 j - an amulet of guardian spirit (around neck)
 z - a ring of ice
 I - a ring of protection from cold (left hand)
 J - a ring of ice
 K - an amulet of faith
 Q - a +6 ring of intelligence (right hand)
Wands
 A - a wand of iceblast (42)
 C - a wand of mindburst (9)
 G - a wand of flame (12)
 N - a wand of quicksilver (2)
Scrolls
 a - a scroll of butterflies
 e - 4 scrolls of noise
 f - 6 scrolls of teleportation
 k - 2 scrolls of fog
 m - 2 scrolls of poison
 o - 2 scrolls of revelation
 p - 3 scrolls of immolation
 r - a scroll of enchant armour
 v - a scroll of identify
 w - 2 scrolls of vulnerability
 B - 2 scrolls of silence
 H - a scroll of torment
Potions
 b - 4 potions of brilliance
 c - 2 potions of lignification
 g - 3 potions of attraction
 i - 6 potions of enlightenment
 n - 2 potions of might
 q - a potion of mutation
 D - 3 potions of resistance {unknown}
 O - 10 potions of ambrosia {unknown}
 R - a potion of cancellation {unknown}
Miscellaneous
 L - a phial of floods


   Skills:
 - Level 19.7 Fighting
 * Level 21.9 Axes
 - Level 14.7 Armour
 - Level 2.1 Dodging


You had 14 spell levels left.
You didn't know any spells.
Your spell library was empty.

Dungeon Overview and Level Annotations

Branches:
Dungeon (12/15)            Temple (0/1) D:4            Lair (5/5) D:9
 Shoals (1/4) Lair:3       Spider (0/4) Lair:2        Slime (0/5) Lair:5
    Orc (2/2) D:12            Elf (0/3) Orc:2

Altars:
Fedhas
Nemelex Xobeh
Trog
Xom
Yredelemnul
Jiyva

Shops:
Orc:2 :(*?

Portals:
Abyss: D:6
Pandemonium: Orc:2

Annotations:
D:6 2 transporters, p00ps00p's ghost, novice HOFi
D:9 2 transporters
D:11 exclusion: 3 oklob plants
Lair:4 exclusion: oklob plant


Innate Abilities, Weirdness & Mutations

You have a pair of horns on your head.
You reflexively headbutt those who attack you in melee.


Message History

The merfolk impaler is lightly wounded.
You feel extremely sick. The merfolk impaler misses you.
Your unstable footing causes you to fumble your attack.
You feel extremely sick.
The merfolk impaler hits you with a +2 demon trident of venom!
You are more poisoned.
You miss the merfolk impaler. You headbutt the merfolk impaler.
The merfolk impaler is lightly wounded.
You feel extremely sick.
The merfolk impaler hits you with a +2 demon trident of venom!!
You are more poisoned.
The merfolk impaler hits you but does no damage.
You are more poisoned.
Your unstable footing causes you to fumble your attack.
You feel extremely sick.
The merfolk impaler hits you with a +2 demon trident of venom!
You are lethally poisoned!
You closely miss the merfolk impaler.
Your headbutt misses the merfolk impaler.
The merfolk impaler is lightly wounded.
* * * LOW HITPOINT WARNING * * *
You feel extremely sick.
The merfolk impaler hits you with a +2 demon trident of venom!
* * * LOW HITPOINT WARNING * * *
You feel better.
The merfolk impaler hits you with a +2 demon trident of venom!
* * * LOW HITPOINT WARNING * * *
You are poisoned.
The merfolk impaler hits you with a +2 demon trident of venom!!
* * * LOW HITPOINT WARNING * * *
Okay, then.
You feel better. The merfolk impaler closely misses you.
The merfolk impaler hits you but does no damage.
You are poisoned.
You feel very sick.
The merfolk impaler hits you from afar with a +2 demon trident of venom!
* * * LOW HITPOINT WARNING * * *
The merfolk impaler hits you from afar with a +2 demon trident of venom!
You die...

~.....~~~~~~~..##......
.......~~...~...~~.###.
.###.........~~~~..# ..
.# ##........~≈~..# ...
.###........~≈≈≈..###.≈≈
........##...≈≈≈~.../.≈≈
###....####....>~.......
# #....# #......~..## #
#.....# #.....@~~..#.. #
#......####..)~~~~....
##..........~~~m~.....
#..........~~~~~~~..~
#.........~~~~~~~~~~~
~.~~~~~~≈~~~~~~~
~~~~~~~≈≈~~~~~~~
.~~~~≈≈≈≈~~~≈≈≈≈
..~~≈≈≈≈≈≈≈≈≈≈≈≈


You could see a merfolk impaler.

Vanquished Creatures
  Saint Roka (Orc:2)
  Kirke (D:12)
  The ghost of experimilk the Brawler, a journeyman TrGl of Hepliaklqana (Orc:2)
  Snorg (D:11)
  2 merfolk impalers (Shoals:1)
  Josephine (D:11)
  A fire dragon (Lair:4)
  Fannar (D:10)
  Erolcha (Orc:2)
  A catoblepas (D:11)
  2 demonspawn (Orc:2)
  3 hydras
  2 boulder beetles (D:11)
  A centaur warrior (D:11)
  2 two-headed ogres
  3 death yaks (Lair:5)
  Urug (Lair:1)
  8 orc high priests (Orc:2)
  A sun demon (Orc:2)
  A soul eater (Orc:2)
  4 skysharks
  6 orc knights
  2 deep elf pyromancers
  A lindwurm (Lair:4)
  3 fauns (Shoals:1)
  5 orc sorcerers
  A manticore (D:11)
  6 elephants (Lair:5)
  2 ugly things
  2 cyclopes (D:11)
  3 merfolk sirens
  5 black mambas
  2 rust devils
  2 kobold blastminers (Orc:2)
  A gargoyle (D:11)
  Maggie (D:10)
  2 orange demons (Orc:2)
  11 cane toads
  6 rime drakes
  4 komodo dragons (Lair:5)
  A kobold demonologist (D:12)
  3 freezing wraiths (D:11)
  Psyche (D:8)
  2 red devils
  12 trolls
  A hellwing (D:12)
  8 polar bears
  2 merfolk (Shoals:1)
  A queen bee (D:11)
  7 hornets
  4 wind drakes (Shoals:1)
  10 blink frogs
  A raiju (Orc:2)
  A dream sheep (Lair:5)
  A culicivora (Lair:2)
  2 jumping spiders (Lair:2)
  12 spriggans (Lair:5)
  5 wyverns
  6 wraiths (D:11)
  23 yaks
  6 basilisks
  A redback (Lair:2)
  A fire bat (Orc:2)
  10 steam dragons
  3 wargs
  4 hogs (D:12)
  4 vampire mosquitoes (D:11)
  A chaos spawn (Orc:2)
  2 acid dragons (D:11)
  9 water moccasins
  A hell hound (Orc:2)
  45 orc warriors
  9 black bears
  20 wolves
  5 boggarts (Lair:5)
  10 ogres
  5 centaurs
  A phantom (D:4)
  A weeping skull (D:10)
  4 kobold brigands
  8 bullfrogs
  A gnoll sergeant (D:11)
  2 scorpions
  A wight (D:9)
  57 killer bees
  2 electric eels
  7 howler monkeys
  7 crimson imps (D:6)
  A jelly (D:6)
  3 bombardier beetles
  30 orc priests
  4 hounds
  A sleepcap (D:6)
  2 gnoll boudas
  17 orc wizards
  5 iguanas
  Natasha (thrice) (D:2)
  27 gnolls
  7 adders
  2 white imps (D:6)
  10 ufetubi
  A ribbon worm (D:3)
  3 dart slugs
  88 orcs
  3 bats
  8 endoplasms
  3 giant cockroaches
  13 goblins
  8 hobgoblins
  22 kobolds
  3 ball pythons
  A frilled lizard (D:3)
  A rat (D:2)
  A spectral orc (D:10)
701 creatures vanquished.

Vanquished Creatures (others)
  An arcanist (D:6)
  An orc (D:8)
2 creatures vanquished.

Grand Total: 703 creatures vanquished

Notes
Turn   | Place    | Note
-------+----------+-------------------------------------------
     0 | D:1      | case the Minotaur Berserker began the quest for the Orb.
     0 | D:1      | Reached XP level 1. HP: 19/19 MP: 0/0
   194 | D:1      | Reached skill level 4 in Axes
   372 | D:1      | Reached XP level 2. HP: 26/26 MP: 1/1
   890 | D:2      | Noticed Natasha
   894 | D:2      | Killed Natasha
   895 | D:2      | Reached skill level 5 in Axes
   895 | D:2      | Reached XP level 3. HP: 27/31 MP: 2/2
  1067 | D:2      | Found a faded altar of an unknown god.
  1105 | D:2      | Noticed Natasha
  1109 | D:2      | Killed Natasha
  1110 | D:2      | Reached skill level 6 in Axes
  1110 | D:2      | Reached XP level 4. HP: 25/39 MP: 3/3
  1119 | D:2      | Noticed Natasha
  1127 | D:2      | Killed Natasha
  1278 | D:2      | Reached skill level 7 in Axes
  1278 | D:2      | Reached XP level 5. HP: 44/45 MP: 4/4
  2340 | D:4      | Reached skill level 8 in Axes
  2517 | D:4      | Noticed a phantom
  2521 | D:4      | Killed a phantom
  2522 | D:4      | Reached XP level 6. HP: 44/51 MP: 5/5
  2574 | D:4      | Found a staircase to the Ecumenical Temple.
  2741 | D:4      | Reached ** piety under Trog
  3095 | D:4      | Reached skill level 9 in Axes
  3217 | D:4      | Reached XP level 7. HP: 57/57 MP: 6/6
  3381 | D:4      | Reached skill level 10 in Axes
  3474 | D:5      | Entered Level 5 of the Dungeon
  3778 | D:5      | Reached skill level 11 in Axes
  4286 | D:5      | Reached XP level 8. HP: 45/66 MP: 4/7
  4429 | D:5      | Reached *** piety under Trog
  4914 | D:6      | Found a bloodstained altar of Trog.
  5007 | D:6      | Reached skill level 12 in Axes
  5068 | D:6      | HP: 5/100 [steam dragon] (1)]
  5071 | D:6      | Reached skill level 5 in Fighting
  5290 | D:6      | Found a transporter.
  5294 | D:6      | Found a one-way gate to the infinite horrors of the Abyss.
  5294 | D:6      | Noticed p00ps00p's ghost (novice HOFi)
  5316 | D:6      | Found a transporter.
  5549 | D:6      | Reached skill level 13 in Axes
  5663 | D:6      | Noticed a wizard
  5669 | D:6      | Killed a wizard
  5952 | D:6      | Noticed a troll
  5961 | D:6      | Reached XP level 9. HP: 71/78 MP: 8/8
  5968 | D:6      | Killed a troll
  5979 | D:6      | Reached **** piety under Trog
  6049 | D:6      | Noticed a two-headed ogre
  6072 | D:6      | Killed a two-headed ogre
  6073 | D:6      | Reached skill level 14 in Axes
  6440 | D:7      | Found a sparkling altar of Nemelex Xobeh.
  6440 | D:7      | Found a blossoming altar of Fedhas.
  6643 | D:7      | Identified the +7 trident of Doubt {holy, *Noise rF+ rN+}
  6765 | D:7      | Reached skill level 15 in Axes
  7318 | D:8      | Noticed Psyche
  7391 | D:8      | Killed Psyche
  7392 | D:8      | Reached XP level 10. HP: 90/90 MP: 6/9
  8548 | D:9      | Reached skill level 16 in Axes
  8611 | D:9      | Identified the ring of the Priest {MP+9 Str+4}
  8612 | D:9      | Found a transporter.
  8617 | D:9      | Noticed a tengu warrior
  9221 | D:9      | Found a staircase to the Lair.
  9224 | D:9      | Found a transporter.
  9345 | D:10     | Entered Level 10 of the Dungeon
  9345 | D:10     | Noticed Fannar
  9358 | D:10     | Killed Fannar
  9359 | D:10     | Reached skill level 10 in Fighting
  9528 | Lair:1   | Entered Level 1 of the Lair of Beasts
  9628 | Lair:1   | Noticed a cane toad
  9632 | Lair:1   | Noticed a cane toad
  9633 | Lair:1   | Reached skill level 17 in Axes
  9638 | Lair:1   | Killed a cane toad
  9667 | Lair:1   | Killed a cane toad
  9921 | Lair:1   | Reached XP level 11. HP: 92/101 MP: 7/10
 10513 | Lair:1   | Noticed Urug
 10536 | Lair:1   | Killed Urug
 10537 | Lair:1   | Reached skill level 18 in Axes
 10845 | Lair:2   | Found a hole to the Spider Nest.
 11022 | Lair:2   | Noticed a six-headed hydra
 11120 | Lair:2   | Killed a six-headed hydra
 11319 | Lair:2   | Identified the flux talisman of Ucvatuy {rC- Will- Str+3
                  | Dex+3}
 11983 | Lair:3   | Reached skill level 5 in Armour
 12167 | Lair:3   | Reached ***** piety under Trog
 12571 | Lair:3   | Reached XP level 12. HP: 115/115 MP: 11/11
 12574 | Lair:3   | Found a staircase to the Shoals.
 12641 | Lair:3   | Noticed a seven-headed hydra
 12652 | Lair:3   | Killed a seven-headed hydra
 13118 | Lair:4   | Paralysed by a hornet for 1 turns
 13408 | Lair:4   | You fall into a shaft and drop 1 floor!
 13408 | Lair:5   | Entered Level 5 of the Lair of Beasts
 13422 | Lair:5   | Noticed a death yak
 13426 | Lair:5   | Noticed a death yak
 13427 | Lair:5   | Noticed a death yak
 13609 | Lair:4   | Noticed a fire dragon
 13628 | Lair:4   | Killed a fire dragon
 14315 | Lair:4   | Reached skill level 10 in Armour
 14340 | Lair:4   | Reached skill level 15 in Fighting
 14433 | Lair:4   | Noticed a four-headed hydra
 14440 | Lair:4   | Killed a four-headed hydra
 15140 | Lair:5   | Reached XP level 13. HP: 110/128 MP: 10/12
 15320 | Lair:5   | Identified the +3 battleaxe "Beastbane" {flame, rF+ rN+
                  | Int-3} (Trog gifted it to you on level 5 of the Lair of
                  | Beasts)
 15320 | Lair:5   | Received a gift from Trog
 15954 | Lair:5   | Reached skill level 19 in Axes
 16506 | Lair:5   | Found a staircase to the Slime Pits.
 16510 | Lair:5   | Found a viscous altar of Jiyva.
 17173 | D:10     | Noticed Maggie
 17182 | D:10     | Killed Maggie
 17707 | D:10     | Found a basalt altar of Yredelemnul.
 17964 | D:11     | Noticed Josephine
 17965 | D:11     | Noticed Snorg
 18133 | D:11     | Killed Josephine
 18149 | D:11     | Received a gift from Trog
 18301 | D:11     | Killed Snorg
 18335 | D:11     | Reached skill level 20 in Axes
 18343 | D:11     | Reached XP level 14. HP: 37/140 MP: 2/13
 19447 | D:12     | Noticed Kirke
 19471 | D:12     | Noticed a sphinx
 19798 | D:12     | Killed Kirke
 19959 | D:12     | Found a staircase to the Orcish Mines.
 20147 | D:12     | Reached skill level 21 in Axes
 20276 | Orc:1    | Entered Level 1 of the Orcish Mines
 21093 | Orc:2    | Entered Level 2 of the Orcish Mines
 21170 | Orc:2    | Received a gift from Trog
 21187 | Orc:2    | Found a staircase to the Elven Halls.
 21241 | Orc:2    | Noticed Erolcha
 21248 | Orc:2    | Killed Erolcha
 21249 | Orc:2    | Noticed Saint Roka
 21603 | Orc:2    | Killed Saint Roka
 21946 | Orc:2    | Found a shimmering altar of Xom.
 22072 | Orc:2    | Found Qyameqakh's Magic Scroll Shoppe.
 22083 | Orc:2    | Found Isorakhy's General Store.
 22328 | Orc:2    | Bought a scroll of enchant armour for 90 gold pieces
 22328 | Orc:2    | Bought a scroll of identify for 24 gold pieces
 22799 | Orc:2    | Found a transporter.
 22801 | Orc:2    | Noticed experimilk's ghost (journeyman TrGl)
 22803 | Orc:2    | Identified a scroll of acquirement
 22928 | Orc:2    | Reached XP level 15. HP: 141/152 MP: 12/14
 23013 | Orc:2    | Found a transporter.
 23136 | Orc:2    | Found Antuifat's Antique Weapon Shop.
 23136 | Orc:2    | Found Esuler's Book Boutique.
 23153 | Orc:2    | Found a one-way gate leading to the halls of Pandemonium.
 23308 | Orc:2    | Killed experimilk's ghost
 23337 | Orc:2    | Acquired the +1 executioner's axe of Turiqot {distort, rF+}
 23528 | Shoals:1 | Entered Level 1 of the Shoals
 24694 | Shoals:1 | HP: 7/155 [merfolk impaler/+2 demon trident of venom (15)]
 24696 | Shoals:1 | Slain by a merfolk impaler

Illustrated notes

Levels and vault maps discovered:
D:1:      minmay_arrival_shattered_statue, layout_basic
D:2:      layout_rooms, basic_ecumenical_altar, minmay_box_of_dots, uniq_natasha
D:3:      layout_loops_cross
D:4:      layout_basic, minmay_temple_entry_nine_rooms
D:5:      corexii_shantytown, layout_loops_ring, chequers_serial_rivers_large_a
D:6:      layout_basic, trog_wizard, gammafunk_ghost_abyssal_escape,
          chequers_serial_rivers_marsh, chequers_decorated_corner,
          minmay_nine_imps
D:7:      layout_rooms, nicolae_overflow_squiral
D:8:      layout_loops_corners, uniq_psyche
D:9:      gammafunk_sealed_arena, layout_cave_pods, lair_entry_dummy,
          st_stairs_3, palyth_stone_intersect
D:10:     layout_basic, yredelemnul_forgotten_temple_becter, serial_curves,
          eino_curves_02, eino_curves_03, uniq_fannar, uniq_maggie
D:11:     hangedman_what_comes_after_a, layout_long_grid, uniq_snorg,
          uniq_josephine
D:12:     layout_roguey [special_room_orc], orc_0_dummy,
          portal_ice_cave_entry_imps, nicolae_where_there's_smoke, uniq_jorgrun,
          uniq_kirke
Lair:1:   layout_regular_city, serial_bayou_ford_a, grunt_megastairs_4,
          uniq_urug
Lair:2:   layout_regular_city, nicolae_spider_entry_tight_spaces,
          minmay_lindwurm_lava, infiniplex_staircase_pool_2, lemuel_fruit_tree
Lair:3:   layout_hall_layers, minmay_shoals_entry_lonely_mermaid
Lair:4:   cheibrodos_lair_overgrown_chateau, layout_long_grid,
          bobbens_dragon_lair_wall
Lair:5:   minmay_lair_end_enchanted_forest, layout_concentric_octagons,
          slime_entry_1
Shoals:1: layout_shoals
Orc:1:    nicolae_orc_accident_2, layout_caves
Orc:2:    pf_orc_diabolical, layout_caves, basic_altar, gammafunk_ghost_arena,
          regret_index_xom_of_box, uniq_saint_roka, uniq_erolcha

Skill      XL: |  1  2  3  4  5  6  7  8  9 10 11 12 13 14 |
---------------+-------------------------------------------+-----
Axes           | 4 5 6 7 8 9 11 13 15 17 18 20 21 | 21.9
Fighting       | 6 8 10 13 15 17 19 | 19.7
Armour         | 6 11 12 14 | 14.7
Dodging        | |  2.1

Action                     |  1- 3 |  4- 6 |  7- 9 | 10-12 | 13-15 || total
---------------------------+-------+-------+-------+-------+-------++-------
  Melee: War axe           |    34 |    91 |   274 |   481 |    24 ||   904
         Headbutt          |     4 |    14 |    50 |   118 |   171 ||   357
         Hand axe          |     2 |       |       |       |       ||     2
         Punch             |       |     3 |     2 |    13 |       ||    18
         Demon trident     |       |       |       |    81 |    39 ||   120
         Battleaxe         |       |       |       |       |   719 ||   719
         Unarmed           |       |       |       |       |     4 ||     4
         Executioner's axe |       |       |       |       |    95 ||    95
 Invoke: Berserk           |       |     3 |     7 |    12 |    11 ||    33
         Trog's Hand       |       |       |     1 |     2 |    13 ||    16
    Use: Scroll            |       |     4 |     4 |    17 |     9 ||    34
         Potion            |       |       |     1 |     2 |     4 ||     7
 Armour: Leather armour    |    18 |    61 |   175 |       |       ||   254
         Animal skin       |     2 |       |       |       |       ||     2
         Ring mail         |       |       |     6 |    11 |       ||    17
         Plate armour      |       |       |       |   598 |   890 ||  1488
         Skin              |       |       |       |       |    17 ||    17
         Chain mail        |       |       |       |       |    55 ||    55
  Dodge: Dodged            |    27 |    45 |   153 |   183 |   353 ||   761

Table legend: (Time is in decaauts)
 A = Elapsed time spent in this place.
 B = Non-inter-level travel time spent in this place.
 C = Inter-level travel time spent in this place.
 D = Time resting spent in this place.
 E = Time spent auto-exploring this place.
 F = Levels seen in this place.
 G = Mean time per level.
                   A        B        C        D        E       F      G
               +--------+--------+--------+--------+--------+-----+--------+
         Total |  24656 |  23541 |   1115 |   2411 |  17150 |  20 | 1232.8 |
       Dungeon |  13193 |  12512 |    681 |   1140 |   9421 |  12 | 1099.4 |
          Lair |   7214 |   6914 |    300 |    874 |   4937 |   5 | 1442.8 |
        Shoals |   1187 |   1168 |     19 |     96 |    810 |   1 | 1187.0 |
  Orcish Mines |   3060 |   2945 |    115 |    300 |   1981 |   2 | 1530.0 |
               +--------+--------+--------+--------+--------+-----+--------+

Top non-repeatable levels by time:
    D:10: 1747 daAuts
  Lair:5: 1743 daAuts
   Orc:2: 1705 daAuts
  Lair:3: 1518 daAuts
  Lair:4: 1487 daAuts
    D:11: 1483 daAuts
     D:6: 1452 daAuts
     D:5: 1377 daAuts
   Orc:1: 1355 daAuts
  Lair:1: 1294 daAuts
     D:4: 1258 daAuts
Shoals:1: 1187 daAuts
  Lair:2: 1171 daAuts
     D:9: 1161 daAuts
     D:7: 1013 daAuts
